AoeStats
← CobraKaiMx

Arabia

510118082Analyzed
1v1 RM · 3d ago on Sep 29, 2026· 29m 26s· 2 players
Game mode
Random Map
Map size
Tiny (2 player)
Population
200
Speed
Normal
Resources
Standard
Victory
Conquest
Starting age
Dark Age
Ending age
Imperial Age
RankedLock teamsTeams togetherTeam positionsShared explorationLock speedFull tech treeHidden civsTurbo modeCheats
Victory
Defeat
🇲🇽 Malay · Mexico
1303
+16
🇪🇸 Goths · Spain
1299
-16
Mosquito
1:33 Loom
9:37 Feudal Age
9:51 Man-at-Arms
10:23 Double-Bit Axe
15:42 Horse Collar
17:11 Fletching
19:19 Wheelbarrow
19:03 Scale Mail Armor
21:17 Padded Archer Armor
25:25 Castle Age
24:55 Forging
25:13 Stone Mining
26:04 Bodkin Arrow
26:22 Bow Saw
26:29 Heavy Plow
26:44 Elite Skirmisher
26:47 Long Swordsman
28:29 Leather Archer Armor
CobraKaiMx
7:09 Loom
9:28 Feudal Age
8:42 Man-at-Arms
13:40 Double-Bit Axe
16:20 Wheelbarrow
16:00 Fletching
16:32 Padded Archer Armor
25:51 Castle Age
24:50 Crossbowman
25:29 Bodkin Arrow
26:28 Light Cavalry
27:04 Gold Mining
29:21 Gold Shaft Mining
28:58 Scale Barding Armor
Connection lost

Rejoining the realm…

Still unreachable

The connection could not be restored.

Session expired

The server has moved on; the page needs a fresh start.